 Dungeon Crawl Stone Soup version 0.26-a0-651-gb41185065b (webtiles) character file.

Game seed: 14003080515364864018

208515 Flugslaktarn the Severer (level 17, -4/170 HPs)
             Began as a Deep Dwarf Fighter on Oct 11, 2020.
             Was the Champion of Makhleb.
             Killed from afar by a starcursed mass (11 damage)
             ... with an accursed screaming
             ... on level 5 of the Abyss.
             The game lasted 00:14:43 (15577 turns).

Flugslaktarn the Severer (Deep Dwarf Fighter)      Turns: 15577, Time: 00:14:44

Health: -4/170     AC: 29    Str: 19    XL:     17   Next: 24%
Magic:  6/6        EV: 12    Int: 11    God:    Makhleb [******]
Gold:   1192       SH:  5    Dex: 17    Spells: 16/16 levels left

rFire    + . .     SeeInvis +   f - +8 battleaxe of Eweannesm {drain, Stlth+}
rCold    + . .     Faith    .   (shield currently unavailable)
rNeg     + . .     Spirit   .   O - +0 plate armour
rPois    +         Reflect  +   L - +0 helmet
rElec    +         Harm     .   e - +1 cloak
rCorr    +         Rampage  .   v - +2 pair of gloves
MR       ++...     Rnd*Rage +   K - +2 pair of boots of the Fife {rF+ rC+ Str+3} Stlth ..........Rnd*Tele +
                                G - amulet of Lehen {Reflect rPois SH+5 Stlth+}
HPRegen  0.00/turn              k - ring of resist corrosion
MPRegen  0.10/turn              i - ring of see invisible

@: non-regenerating
A: damage resistance, heal wounds, iridescent scales 1, [berserk 2], [blurry
vision 2], [deterioration 2], negative energy resistance 1, sense surroundings
3, screaming 1, electricity resistance, [teleportitis 2], weak 1[+1], [no potion
heal 1], [subdued magic 2], no regeneration
}: 3/15 runes: barnacled, abyssal, gossamer
a: Heal Wounds, Minor Destruction, Lesser Servant of Makhleb, Major Destruction,
Greater Servant of Makhleb, Renounce Religion


You were on level 5 of the Abyss.
You worshipped Makhleb.
Makhleb was exalted by your worship.
You visited 6 branches of the dungeon, and saw 28 of its levels.
You visited the Abyss 1 time.
You also visited: Ice Cave.

You collected 1478 gold pieces.
You spent 286 gold pieces at shops.

Inventory:

Hand Weapons
 b - a +1 broad axe
   (You took it off an orc warrior on level 6 of the Dungeon)
 f - the +8 battleaxe of Eweannesm (weapon) {drain, Stlth+}
   (You took it off a necromancer on level 14 of the Dungeon)

   A truly terrible weapon, it drains the life of those it strikes.
   It makes you more stealthy.
 u - a +4 scimitar of flaming
   (You took it off Erica on level 8 of the Dungeon)
Missiles
 s - 7 throwing nets (quivered)
Armour
 a - a scarf of resistance
   (You found it on level 3 of the Spider Nest)
 c - a +0 kite shield
 e - a +1 cloak (worn)
   (You found it on level 1 of the Lair of Beasts)
 v - a +2 pair of gloves (worn)
   (You found it on level 1 of the Dungeon)
 K - the +2 pair of boots of the Fife (worn) {rF+ rC+ Str+3}
   (You acquired it on level 1 of the Lair of Beasts)

   It affects your strength (+3).
   It protects you from fire.
   It protects you from cold.
 L - a +0 helmet (worn)
   (You found it on level 1 of the Shoals)
 O - a +0 plate armour (worn)
   (You took it off an orc warrior on level 6 of the Dungeon)
Jewellery
 i - a ring of see invisible (right hand)
   (You took it off a skeletal warrior on level 15 of the Dungeon)
 k - a ring of resist corrosion (left hand)
   (You found it on level 7 of the Dungeon)
 G - the amulet of Lehen (around neck) {Reflect rPois SH+5 Stlth+}
   (You found it on level 2 of the Lair of Beasts)

   [amulet of reflection]

   It shields you and reflects attacks.
   It protects you from poison.
   It affects your SH (+5).
   It makes you more stealthy.
 H - the ring of Wovvismi {Dex+4 Stlth-, unknown}
   (You found it on level 1 of the Shoals)

   [ring of attention]

   It affects your dexterity (+4).
   It makes you less stealthy.
 N - a cursed ring of attention {unknown}
   (You found it on level 4 of the Shoals)
Wands
 g - a wand of digging (2)
   (You found it on level 2 of the Shoals)
 m - a wand of paralysis (7)
   (You found it on level 11 of the Dungeon)
 A - a wand of iceblast (11)
   (You took it off a human on level 14 of the Dungeon)
 B - a wand of acid (32)
   (You found it on level 8 of the Dungeon)
 D - a wand of enslavement (32)
   (You found it on level 9 of the Dungeon)
Scrolls
 l - a scroll of magic mapping
 r - 4 scrolls of identify
 t - 12 scrolls of teleportation
 x - 8 scrolls of remove curse
 y - 3 scrolls of immolation
 M - 2 scrolls of fog
 P - a scroll of fear
 Q - a scroll of enchant weapon
Potions
 d - 4 potions of might
 h - 7 potions of haste
 j - 4 potions of magic
 n - a potion of resistance
 o - 5 potions of flight
 p - 2 potions of mutation
 q - 6 potions of curing
 w - 5 potions of heal wounds
 z - 4 potions of cancellation
 E - 15 potions of ambrosia
 I - a potion of invisibility
 J - a potion of berserk rage
Miscellaneous
 C - a tin of tremorstones (3/3)
   (You found it on level 11 of the Dungeon)
 F - a condenser vane (2/2)
   (You found it on level 11 of the Dungeon)


   Skills:
 * Level 15.3 Fighting
 * Level 17.7 Axes
 + Level 13.3 Armour
 - Level 11.0 Dodging
 - Level 7.1 Shields
 + Level 13.6 Invocations
 - Level 10.0 Evocations


You had 16 spell levels left.
You didn't know any spells.
Your spell library was empty.

Dungeon Overview and Level Annotations

Branches:
Dungeon (15/15)            Temple (1/1) D:6            Lair (2/6) D:8
 Shoals (4/4) Lair:2       Spider (4/4) Lair:2          Orc (0/2) D:11
 Vaults (0/5) D:14         Depths (2/5) D:15          IceCv (visited)

Altars:
Ashenzari
Cheibriados
Dithmenos
Elyvilon
Hepliaklqana
Makhleb
Qazlal
Ru
Sif Muna
Trog
Vehumet
Xom
Yredelemnul
Zin

Shops:
D:9 !   D:11 :   Shoals:2 !

Portals:
Hell: Depths:1

Annotations:
Depths:1 1 runed translucent door


Innate Abilities, Weirdness & Mutations

You are resistant to damage.
You can heal yourself by infusing magical energy.
You resist negative energy. (rN+)
You passively map a large area around you.
You do not regenerate.
You are partially covered in iridescent scales. (AC +2)
You occasionally shout uncontrollably at your foes.
You are resistant to electric shocks. (rElec)
[You often lose your temper in combat.]
[Scrolls take you longer to read.]
[Your body often deteriorates upon taking damage.]
[You are sometimes teleported next to monsters.]
[You are very weak. (Str -4)]
[Potions are less effective at restoring your health.]
[Your spells are easier to cast, but less powerful.]


Message History

The spatial maelstrom hits you!
* * * LOW HITPOINT WARNING * * *
Space warps horribly around you!!
* * * LOW HITPOINT WARNING * * *
You block the spatial maelstrom's attack.
The spatial vortex hits you but does no damage.
The tentacled starspawn bites you but does no damage.
The tentacled starspawn engulfs you but does no damage.
You begin reading the scroll.
You continue reading the scroll.
A starcursed mass splits.
The spatial maelstrom closely misses you.
The spatial maelstrom barely misses you.
The wretched star pulses with an eldritch light!
You feel a little pissed off.
You feel angry. The tentacled starspawn bites you!
* * * LOW HITPOINT WARNING * * *
The tentacled starspawn engulfs you but does no damage.
A starcursed mass splits.
A deafening chorus of shrieks assaults your mind!
You die...

#...#..(#Xw
#........w..+
##..#. ?..#..##
#...#X.X..#...#
##.*XXΛ.X.....#
#..vXX#.#....#
...v.#v.XXw#...#
#.. #.#.*vXw.# #
#..##v@###
....#.X### ...
.#. #.###. .. ..
.. #. .


You could see 7 starcursed masses, a tentacled starspawn, a spatial maelstrom, 2
wretched stars, 3 spatial vortices, a large abomination and 2 starspawn
tentacles.

Vanquished Creatures
  Nikola (Shoals:3)
  Arachne (Spider:3)
  Jorgrun (Shoals:2)
  A kraken (Shoals:4)
  A tentacled starspawn (Abyss:3)
  3 ghost moths (Spider:4)
  2 emperor scorpions
  Aizul (Spider:4)
  A very ugly thing (Abyss:2)
  A stone giant (Depths:2)
  3 entropy weavers
  A green death (Abyss:2)
  2 merfolk javelineers (Shoals:4)
  12 merfolk impalers
  Harold (D:8)
  Fannar (D:12)
  2 hydras
  2 rakshasas
  A vault guard (D:14)
  A catoblepas (D:15)
  12 two-headed ogres
  A centaur warrior (D:15)
  3 merfolk avatars
  Erica (D:8)
  10 merfolk aquamancers
  A deep troll shaman (Depths:1)
  An alligator snapping turtle (Shoals:4)
  A tengu warrior (D:14)
  A queen ant (Spider:3)
  2 ogre magi
  4 hell knights (Depths:2)
  An iron troll (Depths:1)
  2 wretched stars (Abyss:2)
  14 sea snakes
  An unseen horror (D:13)
  2 deep trolls (Depths:1)
  4 skeletal warriors (D:15)
  A glowing orange brain (D:15)
  A wizard (D:14)
  A kraken simulacrum (Shoals:4)
  10 harpies
  5 necromancers
  3 fauns (Shoals:1)
  7 orb spiders
  A deep elf mage (D:12)
  6 ugly things (D:15)
  24 wolf spiders
  2 manticores
  3 cyclopes
  4 merfolk sirens
  A torpor snail (Spider:4)
  Joseph (D:9)
  4 water nymphs
  2 cane toads
  2 gargoyles
  A rime drake (Lair:1)
  2 kobold demonologists (D:12)
  A yaktaur (shapeshifter) (D:15)
  A tengu conjurer (D:14)
  2 freezing wraiths (Spider:3)
  7 demonic crawlers
  An ancient zyme (Abyss:2)
  4 ice devils (IceCv)
  A hellwing (Abyss:2)
  10 merfolk
  5 trolls
  3 meliai (D:15)
  A polar bear (Lair:2)
  22 jumping spiders
  A queen bee (Lair:2)
  A polar bear (shapeshifter) (D:15)
  A wind drake (Shoals:4)
  3 blink frogs (Lair:2)
  9 hornets
  6 slime creatures
  A jumping spider (shapeshifter) (D:15)
  6 hippogriffs
  8 snapping turtles
  3 dream sheep (Shoals:4)
  A spriggan (D:8)
  46 redbacks
  Sigmund (D:5)
  18 tarantellas
  5 water elementals (Shoals:4)
  15 yaks
  2 wyverns
  20 humans (D:14)
  9 vampire mosquitoes
  Menkaure (D:5)
  A harpy simulacrum (D:14)
  7 water moccasins
  21 soldier ants (Spider:3)
  An acid dragon (D:14)
  A porcupine (Lair:1)
  4 small abominations
  An ice beast (D:7)
  4 sky beasts
  2 phantoms
  A sky beast (shapeshifter) (D:15)
  12 ogres
  2 black bears
  A necrophage (D:5)
  11 orc warriors
  4 boggarts (D:14)
  13 centaurs
  2 crocodiles
  6 big kobolds
  An earth elemental (Abyss:3)
  16 bullfrogs
  2 wyvern skeletons
  5 scorpions
  30 killer bees
  10 wights
  2 howler monkeys
  3 centaur zombies
  A bullfrog zombie (D:12)
  5 jellies
  7 hounds
  14 orc priests
  3 bullfrog skeletons
  4 centaur skeletons
  6 iguanas
  12 orc wizards
  27 worker ants
  A killer bee zombie (D:8)
  A hound skeleton (D:9)
  A worker ant zombie (D:9)
  A howler monkey skeleton (D:10)
  12 adders
  6 gnolls
  2 river rats (D:14)
  2 shadow imps
  2 white imps (D:5)
  An ufetubus (D:6)
  An ooze (D:4)
  An adder zombie (D:8)
  A worm (D:5)
  A dart slug (D:4)
  5 leopard geckos
  80 orcs
  4 giant cockroaches
  5 hobgoblins
  10 jackals
  17 kobolds
  6 quokkas
  A ball python skeleton (D:4)
  3 bats
  3 frilled lizards
  A giant cockroach zombie (D:6)
  9 goblins
  3 rats (D:1)
  A starspawn tentacle (Abyss:3)
  A tentacle (Shoals:4)
820 creatures vanquished.

Vanquished Creatures (collateral kills)
  2 ghost moths (Spider:4)
  An emperor scorpion (Spider:4)
  A spark wasp (Spider:4)
  A merfolk avatar (Shoals:2)
  A two-headed ogre (D:12)
  4 orb spiders (Spider:4)
  3 wolf spiders (Spider:4)
  2 jumping spiders (Spider:4)
  A merfolk (Shoals:2)
  A snapping turtle (Shoals:2)
  A tarantella (Spider:4)
  6 redbacks (Spider:4)
  A water elemental (Shoals:2)
  An orc warrior (D:13)
  A phantom (D:13)
  A bullfrog skeleton (D:12)
  2 orcs (D:12)
30 creatures vanquished.

Vanquished Creatures (others)
  A sea snake (Shoals:4)
  A wolf spider (Spider:4)
  A manticore (Shoals:4)
  A merfolk (Shoals:3)
  A boggart (D:14)
  A fungus (Lair:2)
  41 plants
  3 starspawn tentacles
  8 tentacles (Shoals:4)
58 creatures vanquished.

Grand Total: 908 creatures vanquished

Notes
Turn   | Place    | Note
-------+----------+-------------------------------------------
     0 | D:1      | Flugslaktarn the Deep Dwarf Fighter began the quest for the
                  | Orb.
     0 | D:1      | Reached XP level 1. HP: 20/20 MP: 1/1
    88 | D:1      | Reached XP level 2. HP: 25/27 MP: 2/2
   110 | D:1      | Found a broken altar of Ashenzari.
   346 | D:2      | Reached XP level 3. HP: 29/34 MP: 3/3
   355 | D:3      | Noticed an ogre
   364 | D:3      | Reached skill level 3 in Axes
   387 | D:3      | Killed an ogre
   387 | D:3      | Reached XP level 4. HP: 36/43 MP: 3/3
   518 | D:4      | Reached XP level 5. HP: 39/50 MP: 4/4
   556 | D:4      | Reached skill level 4 in Axes
   628 | D:4      | Reached XP level 6. HP: 55/57 MP: 5/5
  1306 | D:5      | Entered Level 5 of the Dungeon
  1331 | D:5      | Noticed Menkaure
  1342 | D:5      | Killed Menkaure
  1342 | D:5      | Reached skill level 5 in Axes
  1342 | D:5      | Reached XP level 7. HP: 41/66 MP: 5/5
  1365 | D:5      | Noticed Sigmund
  1392 | D:5      | Killed Sigmund
  1392 | D:5      | Reached skill level 5 in Fighting
  1392 | D:5      | Reached skill level 5 in Armour
  1438 | D:5      | Reached skill level 5 in Shields
  1444 | D:5      | Reached skill level 6 in Axes
  1592 | D:5      | You fall into a shaft and drop 3 floors!
  1625 | D:8      | Reached XP level 8. HP: 31/75 MP: 6/6
  1699 | D:8      | Reached skill level 7 in Axes
  1922 | D:5      | Gained mutation: You passively map the area around you.
                  | [Deep Dwarf growth]
  1922 | D:5      | Reached XP level 9. HP: 31/85 MP: 6/6
  2568 | D:6      | Reached skill level 8 in Axes
  2689 | D:6      | Gained mutation: You occasionally shout uncontrollably at
                  | your foes. [potion of mutation]
  2689 | D:6      | Gained mutation: You are resistant to electric shocks.
                  | (rElec) [potion of mutation]
  2689 | D:6      | Gained mutation: You are partially covered in iridescent
                  | scales. (AC +2) [potion of mutation]
  2689 | D:6      | Gained mutation: You passively map a large area around you.
                  | [potion of mutation]
  3022 | D:6      | Reached skill level 9 in Axes
  3326 | D:6      | Found a staircase to the Ecumenical Temple.
  3332 | Temple   | Entered the Ecumenical Temple
  3530 | Temple   | Became a worshipper of Makhleb the Destroyer
  3753 | D:7      | Identified a scroll of acquirement
  3753 | D:7      | Acquired the ring of Oskoq {Wiz rPois rC+ Dex-5 SInv}
  3917 | D:7      | Reached skill level 1 in Invocations
  3951 | D:7      | Noticed a four-headed hydra
  4029 | D:8      | Reached skill level 1 in Dodging
  4035 | D:8      | Reached XP level 10. HP: 40/96 MP: 3/3
  4085 | D:8      | Found a staircase to the Lair.
  4098 | D:8      | Noticed Harold
  4114 | D:8      | Killed Harold
  4178 | D:8      | Noticed Erica
  4202 | D:8      | Killed Erica
  4202 | D:8      | Reached * piety under Makhleb
  4202 | D:8      | Reached skill level 10 in Axes
  4284 | D:8      | You fall into a shaft and drop 2 floors!
  4284 | D:10     | Entered Level 10 of the Dungeon
  4507 | D:8      | Noticed a two-headed ogre
  4523 | D:8      | Killed a two-headed ogre
  4631 | D:9      | Noticed Joseph
  4645 | D:9      | Killed Joseph
  4645 | D:9      | Reached XP level 11. HP: 70/106 MP: 4/4
  4696 | D:9      | Reached ** piety under Makhleb
  4779 | D:9      | Found Anofed's Distillery.
  5159 | D:10     | Reached skill level 5 in Invocations
  5215 | D:10     | Found a snail-covered altar of Cheibriados.
  5221 | D:10     | Reached skill level 11 in Axes
  5632 | D:11     | Found a staircase to the Orcish Mines.
  5842 | D:11     | Found Cugygaal's Book Emporium.
  6008 | D:11     | Reached *** piety under Makhleb
  6046 | D:11     | Reached skill level 1 in Evocations
  6386 | D:12     | Noticed a two-headed ogre
  6395 | D:12     | Killed a two-headed ogre
  6446 | D:12     | Noticed a deep elf mage
  6465 | D:12     | Killed a deep elf mage
  6465 | D:12     | Reached skill level 10 in Fighting
  6640 | D:12     | Reached **** piety under Makhleb
  6793 | D:12     | Reached skill level 5 in Dodging
  7026 | D:12     | Noticed a two-headed ogre
  7035 | D:12     | Killed a two-headed ogre
  7124 | D:12     | Noticed Fannar
  7141 | D:12     | Killed Fannar
  7457 | D:13     | Killed an unseen horror
  7457 | D:13     | Reached XP level 12. HP: 76/117 MP: 4/4
  7656 | D:13     | Reached skill level 12 in Axes
  8131 | D:14     | Noticed a tengu warrior
  8141 | D:14     | Noticed a six-headed hydra
  8151 | D:14     | Killed a tengu warrior
  8154 | D:14     | Killed a six-headed hydra
  8203 | D:14     | Reached skill level 5 in Evocations
  8336 | D:14     | Found a shadowy altar of Dithmenos.
  8403 | D:14     | Identified the +8 battleaxe of Eweannesm {drain, Stlth+}
  8945 | D:14     | Noticed a vault guard
  8959 | D:14     | Killed a vault guard
  8960 | D:14     | Reached ***** piety under Makhleb
  9009 | D:14     | Found a gate to the Vaults.
  9142 | D:14     | Reached skill level 13 in Axes
  9161 | D:14     | Reached XP level 13. HP: 49/127 MP: 6/6
  9216 | D:15     | Entered Level 15 of the Dungeon
  9448 | D:15     | Reached skill level 10 in Armour
  9853 | D:15     | Found a staircase to the Depths.
 10171 | Lair:1   | Entered Level 1 of the Lair of Beasts
 10228 | Lair:1   | Acquired the +2 pair of boots of the Fife {rF+ rC+ Str+3}
 10484 | Lair:2   | Reached skill level 14 in Axes
 10512 | Lair:2   | Got a sparkling graven amulet
 10560 | Lair:2   | Found a shimmering altar of Xom.
 10570 | Lair:2   | Identified the amulet of Lehen {Reflect rPois SH+5 Stlth+}
                  | (You found it on level 2 of the Lair of Beasts)
 10689 | Lair:2   | Found a hole to the Spider Nest.
 11132 | Lair:2   | Found a staircase to the Shoals.
 11136 | Lair:2   | Gained mutation: You resist negative energy. (rN+) [Deep
                  | Dwarf growth]
 11136 | Lair:2   | Reached XP level 14. HP: 138/138 MP: 7/7
 11340 | Spider:1 | Entered Level 1 of the Spider Nest
 11387 | Spider:2 | Noticed an entropy weaver
 11395 | Spider:2 | Killed an entropy weaver
 11450 | Spider:2 | Reached ****** piety under Makhleb
 11470 | Spider:2 | Reached skill level 10 in Invocations
 11551 | Spider:2 | Noticed an emperor scorpion
 11570 | Spider:2 | Killed an emperor scorpion
 11679 | Spider:3 | Noticed Arachne
 11706 | Spider:3 | Killed Arachne
 11706 | Spider:3 | Noticed an entropy weaver
 11752 | Spider:3 | Noticed an entropy weaver
 11755 | Spider:3 | Killed an entropy weaver
 11760 | Spider:3 | Reached skill level 15 in Axes
 11767 | Spider:2 | Killed an entropy weaver
 12003 | Spider:3 | Reached XP level 15. HP: 148/148 MP: 9/9
 12075 | Spider:3 | Found a frozen archway.
 12095 | IceCv    | Entered an ice cave
 12225 | Spider:4 | Entered Level 4 of the Spider Nest
 12571 | Spider:4 | Noticed Aizul
 12584 | Spider:4 | Reached skill level 10 in Evocations
 12593 | Spider:4 | Noticed a ghost moth
 12599 | Spider:4 | Killed Aizul
 12604 | Spider:4 | Killed a ghost moth
 12725 | Spider:4 | Noticed a ghost moth
 12728 | Spider:4 | Noticed a ghost moth
 12729 | Spider:4 | Noticed a ghost moth
 12734 | Spider:4 | Killed a ghost moth
 12735 | Spider:4 | Killed a ghost moth
 12735 | Spider:4 | Reached skill level 16 in Axes
 12736 | Spider:4 | Killed a ghost moth
 12736 | Spider:4 | Reached skill level 10 in Dodging
 12802 | Spider:4 | Got a gossamer rune of Zot
 12805 | Spider:4 | Noticed a ghost moth
 12813 | Spider:4 | Killed a ghost moth
 13490 | Spider:4 | Got a masterwork chain mail
 13501 | Spider:4 | Identified the cursed +0 chain mail of Keevich {Rampage
                  | rElec Dex+4} (You found it on level 4 of the Spider Nest)
 13665 | Shoals:1 | Entered Level 1 of the Shoals
 13815 | Shoals:1 | Reached XP level 16. HP: 152/159 MP: 10/10
 13917 | Shoals:1 | Got a twitching golden ring
 13947 | Shoals:2 | Found Zoepiema's Distillery.
 13955 | Shoals:2 | Bought a potion of haste for 110 gold pieces
 13955 | Shoals:2 | Bought 2 potions of might for 88 gold pieces
 13955 | Shoals:2 | Bought a potion of might for 44 gold pieces
 13955 | Shoals:2 | Bought a potion of might for 44 gold pieces
 13962 | Shoals:3 | Noticed Jorgrun
 13963 | Shoals:3 | Noticed Nikola
 13985 | Shoals:2 | Killed Jorgrun
 14045 | Shoals:3 | Gained mutation: [You are weak. (Str -2)] [a cacodemon]
 14080 | Shoals:3 | Killed Nikola
 14118 | Shoals:4 | Entered Level 4 of the Shoals
 14307 | Shoals:4 | Noticed a kraken
 14324 | Shoals:4 | Killed a kraken
 14377 | Shoals:4 | Reached skill level 17 in Axes
 14554 | Shoals:4 | Reached skill level 15 in Fighting
 14724 | Shoals:4 | Got a barnacled rune of Zot
 15147 | Depths:1 | Entered Level 1 of the Depths
 15147 | Depths:1 | Found a gateway to Hell.
 15263 | Depths:1 | Found a runed translucent door.
 15286 | Depths:2 | Reached XP level 17. HP: 131/170 MP: 5/5
 15308 | Depths:2 | Cast into level 2 of the Abyss (hell knight)
 15511 | Abyss:4  | Found a corrupted altar of Lugonu.
 15569 | Abyss:5  | Entered Level 5 of the Abyss
 15569 | Abyss:5  | Found a corrupted altar of Lugonu.
 15575 | Abyss:5  | Got an abyssal rune of Zot
 15577 | Abyss:5  | HP: 7/170 [tentacled starspawn (16)]
 15577 | Abyss:5  | Killed from afar by a starcursed mass

Illustrated notes

Levels and vault maps discovered:
D:1:      heliophobic_arrival_glass_houses, layout_loops_ring, serial_aquarium,
          aquarium_bridge_square [aquarium_subvault_bridge,
          aquarium_subvault_wall, aquarium_subvault_bridge,
          aquarium_subvault_bridge], aquarium_window_fake, aquarium_window_fake,
          aquarium_view_2c, aquarium_pool_2, chequers_serial_rivers_micro_c,
          ashenzari_altar_1
D:2:      layout_rooms, minitemple, minmay_misc_feat_rows, minmay_hexomino_f4
D:3:      layout_loops_ring, ebering_ghost_inner_flame, cheibrodos_gnoll_hut
D:4:      layout_cave_pods
D:5:      layout_basic, uniq_sigmund, uniq_menkaure
D:6:      layout_basic, minmay_temple_entry_proselytizer
D:7:      layout_gridville, lemuel_crystal_altar, minmay_manual_monolith
D:8:      layout_cave_pools, dpeg_oklobed_lair, serial_park, serial_park_square3
          [serial_park_minivault_5x5_7], serial_park_square1
          [serial_park_minivault_5x5_3], the_bakery, uniq_harold, uniq_erica
D:9:      minmay_bubble_buster, layout_rooms, serial_shops,
          nicolae_shop_window_shopping, uniq_joseph
D:10:     layout_basic, basic_altar
D:11:     layout_gridville, david_orc_2, serial_shops, nicolae_shop_behind_doors
D:12:     layout_gridville, drop_trap, chequers_serial_rivers_micro_c,
          nicolae_straight_to_the_point, uniq_fannar
D:13:     layout_long_grid, hangedman_abyss_or_decor_stabs
D:14:     layout_big_octagon, grunt_vaults_entry_tiered,
          nicolae_dithmenos_the_darkroom, pond
D:15:     gammafunk_enter_depths_forms, layout_loops_ring, nicolae_wwwww
Temple:   minmay_temple_curvy_loop
Lair:1:   layout_roguey
Lair:2:   layout_cave_pods, elwin_shoals_entry_stream,
          spider_nest_entry_web_field, basic_altar, special_room
          [special_room_bee]
Shoals:1: cheibrodos_shoals_three_sisters, layout_shoals
Shoals:2: layout_shoals, serial_shops, shop_fountains,
          nicolae_shoals_isolated_beach
Shoals:3: layout_shoals, serial_shops, shop, uniq_nikola, uniq_jorgrun,
          uniq_roxanne, uniq_ilsuiw
Shoals:4: shoals_end_grunt_ice, layout_shoals, shoal_ilsuiw
Spider:1: nicolae_spider_mines_2
Spider:2: layout_spider_delve, einodemon_crawler_minivault
Spider:3: layout_spider_delve, portal_ice_cave_entry_frozen_things,
          zaba_anthell, uniq_arachne
Spider:4: grunt_spider_rune_parallel, uniq_aizul
Depths:1: layout_roguey, enter_ziggurat_f, rand_demon_pan_entry_7, hell_entry,
          minmay_crystal_box, serial_bayou_shore_b, firewood_loft
Depths:2: little_maze_vault, layout_cave_pools, abyss_entry_small_statue_room,
          pan_entry, pf_coc_iceberg, minmay_staircase_bubble
Abyss:5:  base: Spider:2, gammafunk_abyss_exit_x_factor,
          nicolae_abyss_rune_star_stuff

Skill      XL: |  1  2  3  4  5  6  7  8  9 10 11 12 13 14 15 16 |
---------------+-------------------------------------------------+-----
Fighting       | 3 4 5 6 8 9 10 11 12 13 14 15 | 15.3
Axes           | 3 4 5 6 7 9 10 11 13 14 15 16 17 | 17.7
Armour         | 4 5 6 7 8 9 10 11 12 13 | 13.3
Shields        | 4 5 6 7 |  7.1
Invocations    | 1 4 6 8 9 10 12 13 | 13.6
Dodging        | 1 3 5 6 8 9 10 11 | 11.0
Evocations     | 3 6 8 9 10 | 10.0

Action                   |  1- 3 |  4- 6 |  7- 9 | 10-12 | 13-15 | 16-18 || total
-------------------------+-------+-------+-------+-------+-------+-------++-------
Melee: War axe           |    89 |   111 |   274 |       |       |       ||   474
       Broad axe         |       |       |   142 |   679 |       |       ||   821
       Battleaxe         |       |       |       |    67 |   696 |   468 ||  1231
Invok: Lesser Servant of |       |       |       |     3 |     2 |     1 ||     6
       Greater Servant o |       |       |       |       |     4 |     2 ||     6
 Abil: Heal Wounds       |     3 |     4 |    30 |    21 |     5 |    18 ||    81
Evoke: Tin of tremorston |       |       |       |     4 |     9 |     3 ||    16
       Condenser vane    |       |       |       |     1 |     5 |     5 ||    11
       Wand              |       |       |       |     1 |     1 |     1 ||     3
  Use: Potion            |       |       |     3 |     2 |     2 |     1 ||     8
       Scroll            |       |       |    13 |    12 |     9 |       ||    34
 Stab: Held in net/web   |       |       |       |       |     1 |       ||     1
       Distracted        |       |       |       |       |     1 |     3 ||     4
Armor: Scale mail        |    36 |    10 |       |       |       |       ||    46
       Chain mail        |       |    48 |   237 |       |       |       ||   285
       Plate armour      |       |       |    67 |   550 |   650 |   340 ||  1607
Dodge: Dodged            |    26 |    32 |   144 |   300 |   551 |   274 ||  1327
Block: Kite shield       |    50 |    77 |   302 |   478 |       |       ||   907
       Other             |       |       |       |       |   187 |   104 ||   291
       Reflection        |       |       |       |       |     1 |     7 ||     8

Table legend: (Time is in decaauts)
 A = Elapsed time spent in this place.
 B = Non-inter-level travel time spent in this place.
 C = Inter-level travel time spent in this place.
 D = Time resting spent in this place.
 E = Time spent auto-exploring this place.
 F = Levels seen in this place.
 G = Mean time per level.
                   A        B        C        D        E       F      G
               +--------+--------+--------+--------+--------+-----+--------+
         Total |  15835 |  14363 |   1472 |    578 |   8892 |  33 |  479.8 |
       Dungeon |  10398 |   9583 |    815 |    200 |   6305 |  15 |  693.2 |
        Temple |    239 |    186 |     53 |      0 |    184 |   1 |  239.0 |
          Lair |   1359 |   1101 |    258 |      0 |    852 |   2 |  679.5 |
        Shoals |   1157 |   1022 |    135 |      0 |    284 |   4 |  289.2 |
   Spider Nest |   2230 |   2033 |    197 |    378 |   1029 |   4 |  557.5 |
        Depths |    154 |    142 |     12 |      0 |     95 |   2 |   77.0 |
         Abyss |    256 |    256 |      0 |      0 |    135 |   4 |   64.0 |
      Ice Cave |     38 |     38 |      0 |      0 |      6 |   1 |   38.0 |
               +--------+--------+--------+--------+--------+-----+--------+

Top non-repeatable levels by time:
     D:6: 1135 daAuts
    D:14: 1054 daAuts
    D:13: 1002 daAuts
  Lair:2: 987 daAuts
Spider:4: 976 daAuts
    D:12: 963 daAuts
     D:5: 921 daAuts
    D:11: 872 daAuts
    D:15: 849 daAuts
     D:4: 822 daAuts
     D:8: 759 daAuts
Spider:3: 684 daAuts
Shoals:4: 642 daAuts
    D:10: 594 daAuts
     D:9: 546 daAuts
